 Dungeon Crawl Stone Soup version 0.17.1-3-g152610e (webtiles) character file.

9145 Blunderbuss the Geomancer (level 11, -3/61 HPs)
             Began as a Gargoyle Earth Elementalist on Apr 22, 2016.
             Was a Priest of Vehumet.
             Slain by a river rat (5 damage)
             ... on level 3 of the Lair of Beasts.
             The game lasted 01:12:53 (8599 turns).

Blunderbuss the Geomancer (GrEE)                    Turns: 8599, Time: 01:12:54

Health: -3/61      AC: 11    Str: 17    XL:     11   Next: 41%
Magic:  26/26      EV: 13    Int: 19    God:    Vehumet [***...]
Gold:   614        SH:  0    Dex: 10    Spells: 5 memorised, 18 levels left

rFire  + . .     SeeInvis .     a - staff of earth
rCold  x . .     Clarity  .     z - +0 robe
rNeg   + . .     SustAt   .     (no shield)
rPois  ∞         Gourm    .     (no helmet)
rElec  +         Spirit   .     u - +1 cloak
rCorr  .         Warding  .     (no gloves)
rMut   .         Stasis   .     (no boots)
MR     .....                    (no amulet)
Stlth  ++........               (no ring)
                                o - ring of fire

@: mighty, starving, not resistant to hostile enchantments, unstealthy
A: negative energy resistance 1, electricity resistance, unbreathing,
petrification resistance, rot immunity, AC +7
a: Renounce Religion


You were on level 3 of the Lair of Beasts.
You worshipped Vehumet.
Vehumet was most pleased with you.
You were starving.

You visited 3 branches of the dungeon, and saw 12 of its levels.

You collected 614 gold pieces.

Inventory:

Missiles
 b - 210 stones (quivered)
Armour
 u - a +1 cloak (worn)
 z - a +0 robe (worn)
Magical Staves
 a - an uncursed staff of earth (weapon)
Jewellery
 i - an uncursed ring of invisibility {unknown}
 o - a ring of fire (left hand)
 s - an uncursed ring of see invisible {unknown}
Wands
 d - a wand of random effects (28)
 e - a wand of slowing (25)
 j - a wand of magic darts (20)
 l - a wand of lightning (11)
 r - a wand of fire (6)
 w - a wand of fireball (9)
 E - a wand of disintegration (8)
Scrolls
 h - 3 scrolls of remove curse
 n - a scroll of enchant armour
 q - a scroll of enchant weapon
Potions
 g - 2 potions of lignification
 k - a potion of haste
 t - a potion of flight
 v - a potion of cure mutation
 x - a potion of brilliance
 D - a potion of might
Books
 c - a book of Geomancy

   Spells                             Type                      Level
   a - Sandblast                      Earth                        1
   b - Stoneskin                      Transmutation/Earth          2
   c - Passwall                       Transmutation/Earth          3
   d - Stone Arrow                    Conjuration/Earth            3
   e - Petrify                        Transmutation/Earth          4
   f - Lee's Rapid Deconstruction     Earth                        5


   Skills:
 + Level 4.0 Fighting
   Level 3.2 Short Blades
 + Level 4.2 Armour
 + Level 3.7 Dodging
 - Level 2.1 Stealth
 + Level 11.0 Spellcasting
 - Level 0.7 Transmutations
 + Level 2.3 Fire Magic
 + Level 11.1 Earth Magic
 + Level 3.3 Evocations


You had 18 spell levels left.
You knew the following spells:

 Your Spells              Type           Power        Failure   Level  Hunger
a - Sandblast             Erth           ######       1%          1    None
b - Stoneskin             Trmt/Erth      #####...     1%          2    None
c - Stone Arrow           Conj/Erth      #####.       1%          3    None
d - Lee's Rapid Deconstr  Erth           ######....   1%          5    ####...
e - Conjure Flame         Conj/Fire      ###.....     4%          3    None


Dungeon Overview and Level Annotations

Branches:
Dungeon (8/15)             Temple (1/1) D:4            Lair (3/8) D:8
  Swamp: Lair:3-6    Shoals: Lair:3-6     Snake: Lair:3-6    Spider: Lair:3-6

Altars:
Ashenzari
Cheibriados
Dithmenos
Elyvilon
Fedhas
Gozag
Kikubaaqudgha
Makhleb
Nemelex Xobeh
Okawaru
Qazlal
Ru
Trog
Vehumet
Xom
Yredelemnul
The Shining One

Shops:
D:8 (


Innate Abilities, Weirdness & Mutations

You are resistant to torment.
Your stone body is resilient (AC +7).
You are immune to poison.
You resist negative energy.
You are resistant to electric shocks.
You can survive without breathing.
You are immune to petrification.
You are immune to rotting.


Message History

The river rat bites you but does no damage.
You barely miss the river rat.
The river rat is lightly wounded.
The river rat closely misses you.
You hit the river rat. You crush the river rat!
The river rat is almost dead.
The river rat bites you.
* * * LOW HITPOINT WARNING * * *
The river rat barely misses you.
The river rat bites you but does no damage.
You hit the river rat but do no damage.
The river rat is moderately wounded.
The river rat misses you. The river rat bites you.
* * * LOW HITPOINT WARNING * * *
Drink which item? (? for menu, Esc to quit)
Okay, then.
Read which item? (? for menu, Esc to quit)
Okay, then.
The river rat bites you.
You die...

#### ###############.##
#.##..............
##..†.............P #
#...##..##.#.###.##
####.##rP###.#.....##.##
......#.r# #.r#.P.##..#.
#..@## #......##...#
#P....##..#..#.##P...
#.....##..#..#.P.....
#......# ..#......
#........ ..........#
..........# .$....##.##


You could see 2 river rats.

Vanquished Creatures
  A hydra (Lair:2)
  Urug (Lair:1)
  The ghost of MirrMurr the Covert, a novice SpEn of Ashenzari (Lair:1)
  6 elephants (Lair:2)
  2 spiny frogs (Lair:1)
  A komodo dragon (Lair:2)
  Grinder (D:5)
  Sigmund (D:2)
  4 yaks (Lair:1)
  2 hippogriffs
  A hungry ghost (D:8)
  Edmund (D:5)
  A water moccasin (Lair:1)
  An orc warrior (D:8)
  2 sky beasts
  2 porcupines
  An ice beast (D:8)
  2 crocodiles (Lair:1)
  2 centaurs
  4 ogres
  A big kobold (D:7)
  5 giant frogs
  A gnoll sergeant (D:5)
  A wyvern zombie (D:8)
  6 killer bees (D:7)
  A crimson imp (D:7)
  A centaur zombie (D:5)
  A giant frog zombie (D:6)
  A giant frog skeleton (D:5)
  Crazy Yiuf (D:7)
  5 orc priests
  3 hounds
  5 iguanas
  5 orc wizards
  7 worker ants
  A hound skeleton (D:6)
  7 gnolls
  19 river rats
  10 adders
  2 shadow imps
  An adder zombie (D:5)
  3 adder skeletons (D:4)
  3 giant geckos
  26 orcs
  7 goblins
  6 hobgoblins
  5 jackals
  2 ball pythons
  5 bats
  6 giant cockroaches
  A giant gecko skeleton (D:4)
  7 giant newts
  A jackal zombie (D:7)
  14 kobolds
  5 quokkas
  4 rats
  A fungus (Lair:3)
217 creatures vanquished.

Vanquished Creatures (others)
  3 fungi (Lair:2)
  3 plants (Lair:2)
6 creatures vanquished.

Grand Total: 223 creatures vanquished

Notes
Turn   | Place    | Note
--------------------------------------------------------------
     0 | D:1      | Blunderbuss the Gargoyle Earth Elementalist began the quest for the Orb.
     0 | D:1      | Reached XP level 1. HP: 10/10 MP: 3/3
   145 | D:1      | Reached XP level 2. HP: 15/15 MP: 0/5
   150 | D:1      | Learned a level 2 spell: Stoneskin
   210 | D:1      | Reached skill level 4 in Earth Magic
  1027 | D:2      | Noticed Sigmund
  1060 | D:2      | Killed Sigmund
  1060 | D:2      | Reached skill level 5 in Earth Magic
  1060 | D:2      | Reached XP level 3. HP: 3/19 MP: 0/8
  1060 | D:2      | Reached XP level 4. HP: 3/24 MP: 0/10
  1060 | D:2      | Reached XP level 5. HP: 3/28 MP: 0/11
  1360 | D:2      | Learned a level 3 spell: Stone Arrow
  1875 | D:2      | Learned a level 5 spell: Lee's Rapid Deconstruction
  1914 | D:3      | Reached XP level 6. HP: 28/32 MP: 2/12
  2258 | D:3      | Found a basalt altar of Yredelemnul.
  2258 | D:3      | Found an ancient bone altar of Kikubaaqudgha.
  2281 | D:3      | Found an opulent altar of Gozag.
  2283 | D:3      | Found a blossoming altar of Fedhas.
  2286 | D:3      | Found a shimmering altar of Xom.
  2344 | D:3      | Found an iron altar of Okawaru.
  2491 | D:4      | Reached skill level 5 in Spellcasting
  2643 | D:4      | Reached skill level 6 in Earth Magic
  2689 | D:4      | Reached XP level 7. HP: 36/36 MP: 1/15
  2909 | D:4      | Found a bloodstained altar of Trog.
  3292 | D:4      | Found a staircase to the Ecumenical Temple.
  3303 | Temple   | Entered the Ecumenical Temple
  3314 | Temple   | Became a worshipper of Vehumet
  3338 | D:5      | Entered Level 5 of the Dungeon
  3429 | D:5      | Reached skill level 7 in Earth Magic
  3611 | D:5      | Noticed Edmund
  3633 | D:5      | Noticed Grinder
  3683 | D:5      | Killed Grinder
  3683 | D:5      | Reached XP level 8. HP: 41/41 MP: 2/18
  3923 | D:5      | Killed Edmund
  4359 | D:6      | Reached skill level 8 in Earth Magic
  4385 | D:6      | Reached * piety under Vehumet
  4385 | D:6      | Offered knowledge of Freeze by Vehumet.
  4465 | D:6      | Found a sacrificial altar of Ru.
  5078 | D:7      | Found a sparkling altar of Nemelex Xobeh.
  5113 | D:7      | Reached XP level 9. HP: 45/45 MP: 15/21
  5263 | D:7      | Reached skill level 9 in Earth Magic
  5566 | D:7      | Noticed Crazy Yiuf
  5570 | D:7      | Killed Crazy Yiuf
  5720 | D:8      | Found a staircase to the Lair.
  5888 | D:8      | Offered knowledge of Sting by Vehumet.
  5910 | D:8      | Reached ** piety under Vehumet
  5913 | D:8      | Reached skill level 10 in Spellcasting
  5919 | D:8      | Reached skill level 10 in Earth Magic
  5957 | D:8      | Found Udaipo's Antique Weapon Shop.
  6235 | Lair:1   | Entered Level 1 of the Lair of Beasts
  6312 | Lair:1   | Reached XP level 10. HP: 50/50 MP: 17/24
  6399 | Lair:1   | Reached skill level 1 in Fighting
  6405 | Lair:1   | Reached skill level 1 in Armour
  6405 | Lair:1   | Reached skill level 1 in Evocations
  6530 | Lair:1   | Noticed a spiny frog
  6536 | Lair:1   | Killed a spiny frog
  6536 | Lair:1   | Reached skill level 1 in Short Blades
  6719 | Lair:1   | Noticed MirrMurr's ghost (novice SpEn)
  6728 | Lair:1   | Killed MirrMurr's ghost
  7105 | Lair:1   | Noticed Urug
  7112 | Lair:1   | Killed Urug
  7369 | Lair:1   | Offered knowledge of Conjure Flame by Vehumet.
  7374 | Lair:1   | Learned a level 3 spell: Conjure Flame
  7478 | Lair:2   | Noticed an elephant
  7478 | Lair:2   | Noticed an elephant
  7479 | Lair:2   | Noticed an elephant
  7485 | Lair:2   | Noticed an elephant
  7488 | Lair:2   | Noticed an elephant
  7488 | Lair:2   | Killed an elephant
  7496 | Lair:2   | Killed an elephant
  7496 | Lair:2   | Reached XP level 11. HP: 40/60 MP: 1/25
  7725 | Lair:2   | Reached skill level 1 in Fire Magic
  7725 | Lair:2   | Reached *** piety under Vehumet
  7728 | Lair:2   | Killed an elephant
  7728 | Lair:2   | Reached skill level 11 in Spellcasting
  7807 | Lair:2   | Killed an elephant
  7808 | Lair:2   | Killed an elephant
  7967 | Lair:2   | Noticed an elephant
  7982 | Lair:2   | Killed an elephant
  8209 | Lair:2   | Got a scorched dagger
  8212 | Lair:2   | Identified the +11 dagger of Action {antimagic, rF+ Str+2 Dex+2} (You found it on level 2 of the Lair of Beasts)
  8298 | Lair:2   | Noticed a seven-headed hydra
  8310 | Lair:2   | Killed a seven-headed hydra
  8598 | Lair:3   | HP: 2/61 [river rat (2)]
  8599 | Lair:3   | Slain by a river rat

Action                   |  1- 3 |  4- 6 |  7- 9 | 10-12 || total
-------------------------+-------+-------+-------+-------++-------
Melee: Flail             |       |    21 |       |       ||    21
       Dagger            |       |    14 |    73 |    72 ||   159
       Staff             |       |       |       |    31 ||    31
 Cast: Sandblast         |    29 |    66 |   127 |    61 ||   283
       Stone Arrow       |       |    14 |    18 |     7 ||    39
       Lee's Rapid Decon |       |     2 |    33 |    25 ||    60
       Conjure Flame     |       |       |       |     1 ||     1
Evoke: Wand              |       |       |       |     9 ||     9
  Use: Potion            |     3 |       |     8 |     9 ||    20
       Scroll            |       |     5 |    12 |     6 ||    23
 Stab: Distracted        |       |     1 |       |       ||     1
       Sleeping          |       |       |     2 |       ||     2
  Eat: Beef jerky        |     1 |     1 |       |       ||     2
       Bread ration      |       |     1 |     2 |       ||     3
       Fruit             |       |       |     4 |       ||     4
       Meat ration       |       |       |     2 |       ||     2
       Pizza             |       |       |     1 |     2 ||     3
       Chunk             |       |       |       |     5 ||     5
